 Dungeon Crawl Stone Soup version 0.30-a0-4-ga7cffc901d (webtiles) character file.

Game seed: 17008578522891470196

189 ytrimaz the Insei (level 5, 0/33 HPs)
             Began as an Octopode Transmuter on Aug 22, 2022.
             Slain by a goblin
             ... wielding a +0 dagger
              (2 damage)
             ... on level 3 of the Dungeon.
             The game lasted 00:02:59 (2214 turns).

ytrimaz the Insei (Octopode Transmuter)             Turns: 2214, Time: 00:03:00

Health: 0/33       AC:  1    Str:  9    XL:     5   Next: 68%
Magic:  5/10       EV: 13    Int: 17    God:
Gold:   677        SH:  0    Dex: 13    Spells: 5/11 levels left

rFire   . . .      SeeInvis .      - Unarmed
rCold   . . .      Faith    .    (no shield)
rNeg    . . .      Spirit   .    (helmet restricted)
rPois   .          Reflect  .    (no amulet)
rElec   .          Harm     .    (no ring)
rCorr   .          Rampage  .    (no ring)
Will    .....                    (no ring)
Stlth   ++........               (no ring)
HPRegen 0.11/turn                (no ring)
MPRegen 0.12/turn                (no ring)
                                 (no ring)
                                 (no ring)

@: no status effects
A: almost no armour, amphibious, 8 rings, camouflage 1, gelatinous body 1,
(nimble swimmer 1), tentacles
a: no special abilities


You were on level 3 of the Dungeon.
You visited 1 branch of the dungeon, and saw 4 of its levels.

You collected 677 gold pieces.

Inventory:

Wands
 h - a wand of roots (8)
Scrolls
 b - a scroll of summoning
 g - a scroll of immolation
Potions
 a - a potion of lignification
 c - a potion of mutation {unknown}
 d - a potion of haste
 e - a potion of brilliance
 f - a potion of attraction
 i - a potion of berserk rage {unknown}


   Skills:
 - Level 1.0 Fighting
 - Level 2.0 Dodging
 + Level 5.2 Unarmed Combat
 + Level 3.5 Spellcasting
 - Level 2.0 Transmutations


You had 5 spell levels left.
You knew the following spells:

 Your Spells              Type           Power      Damage    Failure   Level
a - Beastly Appendage     Tmut           18%        N/A       8%          1
b - Wereblood             Tmut           9%         N/A       11%         2
c - Spider Form           Tmut/Pois      6%         N/A       32%         3

Your spell library contained the following spells:

 Spells                   Type           Power      Damage    Failure   Level
 Shock                    Conj/Air       8%         1d3       17%         1
 Swiftness                Air            2%         N/A       45%         3
 Ice Form                 Ice/Tmut       6%         N/A       73%         4
 Airstrike                Air            1%         2d(1-17)  86%         4


Dungeon Overview and Level Annotations

Branches:
Dungeon (4/15)
 Temple: D:4-7

Altars:

Annotations:
D:2 1 runed translucent door, Crazy Yiuf


Innate Abilities, Weirdness & Mutations

You cannot wear most types of armour.
You are amphibious.
You can wear up to eight rings at the same time.
Your skin changes colour to match your surroundings (Stealth+).
Your rubbery body absorbs attacks. (AC +1, EV +1)
((You are camouflaged when in or above water. (Stealth+)))
You have tentacles for arms and can constrict up to eight enemies at once.


Message History

The kobold throws a poisoned dart.
The poisoned dart hits you!
You are poisoned.
You feel very sick.
You see here a hobgoblin corpse.
You closely miss the kobold. You grab the kobold.
You constrict the kobold, but do no damage.
You feel sick. The kobold closely misses you.
You are too injured to fight recklessly!
You are too injured to fight recklessly!
You tentacle-slap the kobold.
You kill the kobold!
You feel sick. The goblin hits you with a +0 dagger.
You feel sick. The goblin barely misses you.
Things that are here:
a +0 dagger; 4 poisoned darts; a kobold corpse You are too injured to fight recklessly!
You barely miss the goblin. Your grab misses the goblin.
You squeeze the goblin.
The goblin is moderately wounded.
You feel sick. The goblin hits you with a +0 dagger.
* * * LOW HITPOINT WARNING * * *
You barely miss the goblin. Your grab misses the goblin.
The goblin is moderately wounded.
You feel sick. The goblin hits you with a +0 dagger.
* * * LOW HITPOINT WARNING * * *
You are too injured to fight recklessly!
You barely miss the goblin. Your grab misses the goblin.
The goblin is moderately wounded.
The goblin hits you with a +0 dagger.
* * * LOW HITPOINT WARNING * * *
You barely miss the goblin. Your grab misses the goblin.
The goblin is moderately wounded.
You feel sick.
You closely miss the goblin. Your grab misses the goblin.
Your squeeze misses the goblin.
The goblin is moderately wounded.
You feel sick.
You are no longer poisoned.
The goblin hits you with a +0 dagger.
You die...

.......#...............#...
.......#..[####.....
...........^.# +###
....##.......###
...##.........#
.........##.#...
.......)........
........†##.....
#......@g.......
#...............
#...............
................
...........#####
.......#.... ............#
....... .....


You could see a goblin.

Vanquished Creatures
  Sigmund (D:3)
  A worm (D:2)
  3 bats
  3 endoplasms
  3 giant cockroaches
  4 goblins
  4 hobgoblins
  2 jackals (D:2)
  2 quokkas
  A ball python (D:1)
  A frilled lizard (D:1)
  4 kobolds
  4 rats
33 creatures vanquished.

Vanquished Creatures (others)
  A plant (D:2)
1 creature vanquished.

Grand Total: 34 creatures vanquished

Notes
Turn   | Place    | Note
-------+----------+-------------------------------------------
     0 | D:1      | ytrimaz the Octopode Transmuter began the quest for the
                  | Orb.
     0 | D:1      | Reached XP level 1. HP: 13/13 MP: 3/3
   503 | D:1      | Reached XP level 2. HP: 18/18 MP: 3/5
   846 | D:2      | Found a faded altar of an unknown god.
  1154 | D:2      | You fall into a shaft and drop 2 floors!
  1210 | D:3      | Reached XP level 3. HP: 23/23 MP: 4/6
  1213 | D:3      | Learned a level 2 spell: Wereblood
  1217 | D:3      | Learned a level 3 spell: Spider Form
  1219 | D:3      | Identified a scroll of acquirement
  1219 | D:3      | Acquired 565 gold pieces
  1935 | D:2      | Found a runed translucent door.
  1936 | D:2      | Noticed Crazy Yiuf
  2187 | D:3      | Noticed Sigmund
  2201 | D:3      | Killed Sigmund
  2202 | D:3      | Reached skill level 5 in Unarmed Combat
  2202 | D:3      | Reached XP level 4. HP: 16/28 MP: 4/9
  2202 | D:3      | Reached XP level 5. HP: 19/33 MP: 4/10
  2214 | D:3      | Slain by a goblin

Illustrated notes

Levels and vault maps discovered:
D:1:      tarquinn_simple_flora_water_e, layout_rooms
D:2:      layout_basic, dreamdust_ecumenical_altar_statues, chequers_big_river,
          uniq_crazy_yiuf_cottage
D:3:      layout_basic, mainiacjoe_overflow_tiny_flanked, uniq_sigmund,
          uniq_robin, uniq_jessica
D:4:      layout_layer_cave

Skill      XL: |  1  2  3 |
---------------+----------+-----
Unarmed Combat | 5 |  5.2
Spellcasting   | 3 |  3.5
Fighting       | |  1.0
Dodging        | |  2.0
Transmutations | |  2.0

Action                   |  1- 3 |  4- 6 || total
-------------------------+-------+-------++-------
Melee: Unarmed           |    59 |    10 ||    69
       Tentacles         |    11 |     2 ||    13
       Constrict         |    20 |     2 ||    22
       Kick              |    14 |       ||    14
       Punch             |     2 |       ||     2
 Cast: Beastly Appendage |    16 |       ||    16
       Spider Form       |     1 |       ||     1
  Use: Scroll            |     9 |       ||     9
 Stab: Sleeping          |     6 |       ||     6
Armor: Skin              |     3 |       ||     3
Dodge: Dodged            |    26 |     4 ||    30

Table legend: (Time is in decaauts)
 A = Elapsed time spent in this place.
 B = Non-inter-level travel time spent in this place.
 C = Inter-level travel time spent in this place.
 D = Time resting spent in this place.
 E = Time spent auto-exploring this place.
 F = Levels seen in this place.
 G = Mean time per level.
                   A        B        C        D        E       F      G
               +--------+--------+--------+--------+--------+-----+--------+
         Total |   2209 |   2117 |     92 |      0 |   1785 |   4 |  552.2 |
       Dungeon |   2209 |   2117 |     92 |      0 |   1785 |   4 |  552.2 |
               +--------+--------+--------+--------+--------+-----+--------+

Top non-repeatable levels by time:
     D:2: 1220 daAuts
     D:1: 844 daAuts
     D:3: 99 daAuts
     D:4: 44 daAuts
